 Dungeon Crawl Stone Soup version 0.28-a0-1152-g9c71ebef14 (webtiles) character file.

Game seed: 17836090279530044586

49 Crownlay the Sneak (level 3, -6/23 HPs)
             Began as an Octopode Transmuter on Dec 14, 2021.
             Killed by divine providence
             ... invoked by an orc priest
              (7 damage)
             ... on level 2 of the Dungeon.
             The game lasted 00:02:50 (1695 turns).

Crownlay the Sneak (Octopode Transmuter)            Turns: 1695, Time: 00:02:50

Health: -6/23      AC:  1    Str:  9    XL:     3   Next: 75%
Magic:  5/6        EV: 13    Int: 17    God:
Gold:   58         SH:  0    Dex: 12    Spells: 3/6 levels left

rFire   + . .      SeeInvis .     - Unarmed
rCold   . . .      Faith    .   (no shield)
rNeg    . . .      Spirit   .   (helmet currently unavailable)
rPois   .          Reflect  .   (no amulet)
rElec   .          Harm     .   f - ring of protection from fire
rCorr   .          Rampage  .   (no ring)
Will    .....                   (no ring)
Stlth   +++.......              (no ring)
HPRegen 0.07/turn               (no ring)
MPRegen 0.10/turn               (no ring)
                                (no ring)
                                (no ring)

@: appendages
A: tentacle spike 3, almost no armour, amphibious, 8 rings, camouflage 1,
gelatinous body 1, (nimble swimmer 1), tentacles
a: End Transformation


You were on level 2 of the Dungeon.
One of your tentacles had grown a beastly spike.
You visited 1 branch of the dungeon, and saw 2 of its levels.

You collected 58 gold pieces.

Inventory:

Jewellery
 f - a ring of protection from fire (left tentacle)
Scrolls
 a - 2 scrolls of magic mapping {unknown}
 i - 2 scrolls of identify {unknown}
 k - a scroll of brand weapon {unknown}
Potions
 b - a potion of curing {unknown}
 c - 2 potions of degeneration {unknown}
 d - a potion of might {unknown}
 e - a potion of ambrosia {unknown}
 g - a potion of lignification {unknown}
 h - 2 potions of heal wounds {unknown}
 j - a potion of flight {unknown}


   Skills:
 - Level 1.0 Fighting
 - Level 2.0 Dodging
 * Level 3.8 Stealth
 - Level 3.0 Unarmed Combat
 - Level 2.0 Spellcasting
 + Level 2.7 Transmutations


You had 3 spell levels left.
You knew the following spells:

 Your Spells              Type           Power      Damage    Failure   Level
a - Beastly Appendage     Tmut           22%        N/A       6%          1
b - Wereblood             Tmut           11%        N/A       10%         2

Your spell library contained the following spells:

 Spells                   Type           Power      Damage    Failure   Level
 Spider Form              Tmut/Pois      6%         N/A       32%         3
 Ice Form                 Ice/Tmut       6%         N/A       73%         4


Dungeon Overview and Level Annotations

Branches:
Dungeon (2/15)

Altars:


Innate Abilities, Weirdness & Mutations

One of your tentacles has grown a beastly spike.
You cannot wear most types of armour.
You are amphibious.
You can wear up to eight rings at the same time.
Your skin changes colour to match your surroundings (Stealth+).
Your rubbery body absorbs attacks. (AC +1, EV +1)
((You are camouflaged near water. (Stealth+)))
You have tentacles for arms and can constrict up to eight enemies at once.


Message History

You kill the orc!
No target in view!
No target in view!
No target in view!
An orc comes into view. It is wielding a +0 club.
The orc shouts!
A goblin comes into view. It is wielding a +0 club.
You extend your transformation's duration.
The orc hits you with a +0 club.
You tentacle-slap the orc but do no damage.
Your grab misses the orc.
Your tentacle spike misses the orc.
The orc hits you but does no damage.
You barely miss the orc. Your grab misses the orc.
Your tentacle-slap misses the orc.
The orc misses you.
You barely miss the orc. You grab the orc.
You constrict the orc, but do no damage.
The goblin closely misses you. The orc hits you with a +0 club.
You are too injured to fight recklessly!
You are too injured to fight recklessly!
You are too injured to fight recklessly!
You are too injured to fight recklessly!
You are too injured to fight recklessly!
You are too injured to fight recklessly!
Okay, then.
You tentacle-slap the orc but do no damage.
You squeeze the orc.
The orc is moderately wounded.
You constrict the orc, but do no damage.
The goblin misses you. The orc hits you with a +0 club.
You tentacle-slap the orc but do no damage.
The orc is moderately wounded.
You constrict the orc. The goblin hits you with a +0 club.
* * * LOW HITPOINT WARNING * * *
An orc priest comes into view. It is wielding a +0 hand axe.
The orc hits you with a +0 club.
* * * LOW HITPOINT WARNING * * *
You release your grip on the orc.
The orc priest calls down the wrath of Beogh upon you.
Beogh smites you!
You die...

##.###..##### #..#
##..........
#.######.........
................
..#####.........
........##..##.# #
.............#.######.#
.............#....o.o.#
...............<@g.)..#
......................#
..........................
........................#.
.....)..................#
........................#
.......)..................
.....#....................
#..#.###..)..........


You could see an orc priest, an orc and a goblin.

Vanquished Creatures
  An adder (D:2)
  A worm (D:2)
  2 dart slugs
  An orc (D:2)
  3 endoplasms
  2 giant cockroaches (D:1)
  5 goblins
  A quokka (D:2)
  3 ball pythons (D:1)
  3 bats
  A frilled lizard (D:1)
  4 kobolds
  2 rats (D:2)
29 creatures vanquished.

Notes
Turn   | Place    | Note
-------+----------+-------------------------------------------
     0 | D:1      | Crownlay the Octopode Transmuter began the quest for the
                  | Orb.
     0 | D:1      | Reached XP level 1. HP: 13/13 MP: 3/3
    37 | D:1      | Reached skill level 1 in Stealth
   228 | D:1      | Reached XP level 2. HP: 18/18 MP: 1/5
   747 | D:1      | Learned a level 2 spell: Wereblood
   940 | D:2      | Reached XP level 3. HP: 14/23 MP: 4/6
  1193 | D:2      | Found a faded altar of an unknown god.
  1692 | D:2      | HP: 1/23 [orc (4)]
  1695 | D:2      | Killed from afar by an orc priest

Illustrated notes

Levels and vault maps discovered:
D:1:      zaba_arrival_water, layout_rooms
D:2:      layout_rooms, hellmonk_ecumenical_altar_crossroads

Skill      XL: |  1  2 |
---------------+-------+-----
Stealth        | 1 3 |  3.8
Fighting       | |  1.0
Dodging        | |  2.0
Unarmed Combat | |  3.0
Spellcasting   | |  2.0
Transmutations | |  2.7

Action                   || total
-------------------------++-------
Melee: Unarmed           ||    76
       Tentacles         ||     9
       Constrict         ||    19
       Kick              ||    15
       Punch             ||     1
 Cast: Beastly Appendage ||    17
 Stab: Sleeping          ||     5
Armor: Skin              ||     7
Dodge: Dodged            ||    47

Table legend: (Time is in decaauts)
 A = Elapsed time spent in this place.
 B = Non-inter-level travel time spent in this place.
 C = Inter-level travel time spent in this place.
 D = Time resting spent in this place.
 E = Time spent auto-exploring this place.
 F = Levels seen in this place.
 G = Mean time per level.
                   A        B        C        D        E       F      G
               +--------+--------+--------+--------+--------+-----+--------+
         Total |   1690 |   1682 |      8 |      0 |   1451 |   2 |  845.0 |
       Dungeon |   1690 |   1682 |      8 |      0 |   1451 |   2 |  845.0 |
               +--------+--------+--------+--------+--------+-----+--------+

Top non-repeatable levels by time:
     D:1: 904 daAuts
     D:2: 786 daAuts
